 Dungeon Crawl Stone Soup version 0.28.0-53-g5a82cb258f (webtiles) character file.

Game seed: 13129887120770508901

122448 PhantomBowie the Tortoise (level 16, -6/204 HPs)
             Began as a Demonspawn Berserker on May 28, 2022.
             Was the Champion of Trog.
             Mangled by Donald
             ... wielding a +2 broad axe of holy wrath
              (20 damage)
             ... on level 1 of the Snake Pit on May 30, 2022.
             The game lasted 02:52:20 (37824 turns).

PhantomBowie the Tortoise (Demonspawn Berserker)   Turns: 37824, Time: 02:52:20

Health: -6/204     AC: 33    Str: 26    XL:     16   Next: 34%
Magic:  0/16       EV: 13    Int:  9    God:    Trog [******]
Gold:   2227       SH:  5    Dex: 12    Spells: 15/15 levels left

rFire   . . .      SeeInvis .   U - +2 great mace (flame)
rCold   . . .      Faith    .   (shield currently unavailable)
rNeg    + . .      Spirit   +   m - +1 plate armour {rPois}
rPois   +          Reflect  +   (helmet restricted)
rElec   .          Harm     .   E - +0 cloak
rCorr   .          Rampage  .   L - +1 pair of gloves
Will    +....                   T - +0 pair of boots
Stlth   ..........              Z - amulet of reflection
HPRegen 0.44/turn               f - ring of positive energy
MPRegen 0.30/turn               C - ring of poison resistance

@: berserking (expiring), sanguine armoured, studying Armour, very quick
A: horns 2, spiny 2, magic shield, magic regeneration, magic link, sanguine
armour 2
a: Renounce Religion, Berserk, Trog's Hand, Brothers in Arms


You were on level 1 of the Snake Pit.
You worshipped Trog.
Trog was exalted by your worship.
You visited 5 branches of the dungeon, and saw 25 of its levels.

You collected 2233 gold pieces.
You spent 6 gold pieces at shops.

Inventory:

Hand Weapons
 U - a +2 great mace of flaming (weapon)
 Y - a +0 morningstar
Missiles
 c - 24 poisoned darts
 r - 4 datura-tipped darts
 y - a silver boomerang
 B - 5 curare-tipped darts
 M - 23 boomerangs (quivered)
Armour
 b - a +0 kite shield
 m - a +1 plate armour of poison resistance (worn)
 v - a +0 tower shield
 E - a +0 cloak (worn)
 L - a +1 pair of gloves (worn)
 T - a +0 pair of boots (worn)
Jewellery
 d - a ring of protection from fire
 f - a ring of positive energy (left hand)
 t - a ring of resist corrosion
 x - a ring of see invisible
 C - a ring of poison resistance (right hand)
 Z - an amulet of reflection (around neck)
Wands
 e - a wand of flame (19)
 q - a wand of iceblast (5)
 D - a wand of acid (9)
 Q - a wand of digging (6)
 R - a wand of mindburst (22)
Scrolls
 g - 4 scrolls of fear
 j - 2 scrolls of acquirement
 k - 2 scrolls of fog
 n - 4 scrolls of holy word
 p - a scroll of brand weapon {unknown}
 u - 6 scrolls of magic mapping
 z - 14 scrolls of teleportation
 F - 4 scrolls of enchant armour
 H - 3 scrolls of immolation {unknown}
 J - a scroll of enchant weapon {unknown}
 P - a scroll of noise {unknown}
 S - 3 scrolls of summoning
 V - 3 scrolls of vulnerability
 W - a scroll of silence {unknown}
 X - 2 scrolls of torment
Potions
 a - 2 potions of heal wounds
 h - 4 potions of lignification
 i - 7 potions of flight
 l - 5 potions of mutation
 o - a potion of cancellation {unknown}
 s - 15 potions of curing
 G - 5 potions of haste
 I - 3 potions of might
 N - 3 potions of attraction


   Skills:
 + Level 15.0 Fighting
 + Level 13.9 Maces & Flails
 + Level 16.1 Armour
 + Level 13.7 Dodging
 + Level 6.3 Shields


You had 15 spell levels left.
You didn't know any spells.
Your spell library was empty.

Dungeon Overview and Level Annotations

Branches:
Dungeon (15/15)            Temple (1/1) D:7            Lair (6/6) D:9
 Shoals (0/4) Lair:3        Snake (1/4) Lair:2        Slime (0/5) Lair:6
    Orc (2/2) D:12            Elf (0/3) Orc:2        Vaults (0/5) D:13
 Depths (0/4) D:15

Altars:
Ashenzari
Cheibriados
Dithmenos
Elyvilon
Fedhas
Gozag
Hepliaklqana
Kikubaaqudgha
Makhleb
Nemelex Xobeh
Okawaru
Qazlal
Ru
Sif Muna
Trog
Uskayaw
Vehumet
Wu Jian
Xom
Yredelemnul
Zin
The Shining One
Beogh
Lugonu

Shops:
D:2 :   D:3 [   D:7 *   D:8 :   Orc:2 [(:(

Portals:
Abyss: Lair:6

Annotations:
Lair:5 2 transporters, pkoi's ghost, journeyman DgCj
Lair:6 exclusion: 2 oklob plants
Snake:1 Donald


Innate Abilities, Weirdness & Mutations

You have a pair of horns on your head.
You are mostly covered in sharp spines.
When hurt, damage is shared between your health and your magic reserves.
You regenerate magic rapidly.
When low on magic, you restore magic in place of health.
When seriously injured, your blood forms thick armour. (AC +9)


Message History

You feel yourself moving faster!
You feel mighty!
Donald says, "You know that hissing noise?
I hate that."
Donald hits you but does no damage.
Donald gestures wildly while chanting.
Donald seems to grow stronger.
Donald blocks your attack.
You headbutt Donald!
Donald is moderately wounded.
Donald is struck by your spines.
Donald hits you with a +2 broad axe of holy wrath!!!
You convulse!!!
Donald blocks your attack.
Donald is moderately wounded.
Donald closely misses you.
You bludgeon Donald!! You burn Donald. You headbutt Donald, but do no damage.
Donald is heavily wounded.
Donald hits you with a +2 broad axe of holy wrath!!
* * * LOW HITPOINT WARNING * * *
You convulse!!
* * * LOW HITPOINT WARNING * * *
You barely miss Donald. Donald blocks your attack.
Donald is heavily wounded.
Donald says, "I considered Trog, but the aftereffects of berserk scare me."
Donald is struck by your spines. Donald closely misses you.
The naga spits poison at you.
The splash of poison hits you but does no damage.
You resist.
You are too berserk!
You hit Donald. You burn Donald.
Donald is severely wounded.
Donald is struck by your spines. Donald misses you. Donald blocks your attack.
Donald is severely wounded.
Donald hits you but does no damage. Donald blocks your attack.
You headbutt Donald, but do no damage.
Donald is severely wounded.
Donald blocks your attack.
Donald is severely wounded.
Donald says, "How does a snake shoot lightning, anyway?"
Donald hits you with a +2 broad axe of holy wrath!!
You die...

#.#........#....N#...#.....#.
#....>.....#......###.......###.
##.......#.....#...#.....#...#
#.........#...#.....#...#)....
#.....N.....###.......###......
#)S............#.....##..#.....
#...............)#†..###...#...#
#..............@N.######....###.
####...........@)#####..........
#.##............###.......>....
#..............................
#...................#.........
#.)..................)##.....
##....>.......).....).##.....
#...............)............
#...........................
#................<÷.......##


You could see Donald (fast, strong) and a naga (catching breath).

Vanquished Creatures
  Mlioglotl (Lair:2)
  Jorgrun (D:13)
  Rupert (D:13)
  Kirke (D:12)
  A nagaraja (Lair:2)
  A fire giant (D:15)
  2 orc warlords
  Aizul (Lair:2)
  Nessos (D:11)
  Azrael (D:12)
  The ghost of mortz the Destroyer, a journeyman DgCj (Lair:3)
  A great orb of eyes (D:14)
  4 hydras
  4 boulder beetles
  An anaconda (shapeshifter) (D:13)
  4 naga warriors
  An ogre mage (D:15)
  5 centaur warriors
  A death knight (D:14)
  11 two-headed ogres
  5 death yaks
  4 thrashing horrors (Lair:6)
  A naga sharpshooter (Snake:1)
  Urug (D:12)
  Nergalle (D:10)
  5 orc high priests (Orc:2)
  A tengu warrior (D:14)
  Sonja (D:12)
  2 slime creatures
  A naga ritualist (Snake:1)
  2 orc knights
  A harpy (shapeshifter) (D:14)
  8 ugly things
  A phantasmal warrior (D:13)
  A lindwurm (D:13)
  2 deep elf zephyrmancers (D:14)
  9 cyclopes
  A mana viper (Lair:2)
  5 deep elf pyromancers
  4 manticores
  An orc sorcerer (Orc:2)
  2 salamanders
  A black mamba (shapeshifter) (Lair:6)
  22 elephants
  12 black mambas
  2 guardian serpents (Snake:1)
  4 naga magi
  2 gargoyles
  A smoke demon (Lair:6)
  A torpor snail (Lair:5)
  A cane toad (shapeshifter) (D:13)
  An unseen horror (D:11)
  4 yaktaurs (D:15)
  8 komodo dragons
  5 rime drakes
  12 cane toads
  4 kobold demonologists
  5 freezing wraiths
  3 ancient zymes (Lair:6)
  A tengu conjurer (D:14)
  10 trolls
  A merfolk (shapeshifter) (D:15)
  2 hornets
  A polar bear (Lair:6)
  14 blink frogs (Lair:6)
  11 dream sheep
  Sigmund (D:2)
  A spriggan (shapeshifter) (Lair:6)
  A shadow (D:9)
  50 yaks
  A spriggan (Lair:6)
  A ynoxinul (Lair:6)
  6 fire elementals (D:13)
  A vampire (D:13)
  5 basilisks
  Eustachio (D:6)
  A human (D:12)
  6 wyverns
  2 hogs
  2 steam dragons
  5 vampire mosquitoes
  A redback (shapeshifter) (Lair:6)
  12 wargs
  16 water moccasins
  A hell hound (D:12)
  An acid dragon (D:10)
  7 nagas
  A floating eye (shapeshifter) (Lair:6)
  2 black bears
  29 orc warriors
  3 sky beasts
  3 necrophages
  11 ogres
  34 wolves
  10 centaurs
  3 kobold brigands (D:11)
  A wyvern zombie (D:8)
  12 bullfrogs
  Blork the orc (D:4)
  A scorpion (D:7)
  A water moccasin zombie (D:5)
  3 killer bees (D:9)
  15 small abominations (Lair:6)
  3 electric eels
  2 howler monkeys
  A wight (D:10)
  9 centaur zombies
  A human zombie (D:10)
  6 jellies
  5 hounds
  5 gnoll shamans
  46 orc priests
  2 bullfrog skeletons
  A centaur skeleton (D:7)
  Crazy Yiuf (D:6)
  2 iguanas
  21 orc wizards
  A killer bee zombie (D:8)
  2 mummies (D:10)
  3 howler monkey zombies
  30 gnolls
  7 adders
  A shadow imp (D:3)
  2 white imps
  An ufetubus (D:5)
  An adder zombie (D:5)
  3 adder skeletons
  A worm (D:2)
  4 dart slugs
  75 orcs
  9 bats
  6 endoplasms
  2 giant cockroaches (D:1)
  4 goblins
  6 hobgoblins
  5 quokkas
  2 ball pythons
  A frilled lizard (D:1)
  12 kobolds
  3 rats
769 creatures vanquished.

Vanquished Creatures (others)
  A human (D:12)
  A howler monkey (D:13)
  2 orc priests
  3 orcs
  A bush (Lair:4)
  29 fungi
  44 plants
81 creatures vanquished.

Grand Total: 850 creatures vanquished

Notes
Turn   | Place    | Note
-------+----------+-------------------------------------------
     0 | D:1      | PhantomBowie the Demonspawn Berserker began the quest for
                  | the Orb.
     0 | D:1      | Reached XP level 1. HP: 18/18 MP: 1/1
    27 | D:1      | Found a faded altar of an unknown god.
   250 | D:1      | Reached skill level 2 in Armour
   250 | D:1      | Gained mutation: You have a pair of small horns on your
                  | head. [demonic ancestry]
   250 | D:1      | Reached XP level 2. HP: 24/24 MP: 2/2
   677 | D:2      | Reached XP level 3. HP: 23/29 MP: 3/3
   775 | D:2      | Found Hajotz's Book Boutique.
  1439 | D:2      | Noticed Sigmund
  1458 | D:2      | Killed Sigmund
  1458 | D:2      | Reached ** piety under Trog
  1459 | D:2      | Reached skill level 3 in Armour
  1459 | D:2      | Reached XP level 4. HP: 16/37 MP: 4/4
  1459 | D:2      | Gained mutation: When seriously injured, your blood forms
                  | armour. (AC +9) [demonic ancestry]
  1459 | D:2      | Reached XP level 5. HP: 18/42 MP: 5/5
  1728 | D:3      | Found a stormy altar of Qazlal.
  1828 | D:3      | Noticed an ogre
  2099 | D:2      | Killed an ogre
  2100 | D:2      | Reached XP level 6. HP: 49/49 MP: 6/6
  2575 | D:3      | Found Somut's Antique Armour Boutique.
  3705 | D:3      | Gained mutation: You regenerate magic rapidly. [demonic
                  | ancestry]
  3705 | D:3      | Reached XP level 7. HP: 54/55 MP: 7/7
  3970 | D:4      | Noticed Blork the orc
  4073 | D:4      | Killed Blork the orc
  4230 | D:4      | Reached skill level 5 in Fighting
  4311 | D:4      | Reached skill level 4 in Armour
  4428 | D:5      | Entered Level 5 of the Dungeon
  4550 | D:5      | Found a bloodstained altar of Trog.
  4873 | D:5      | Reached skill level 5 in Maces & Flails
  4873 | D:5      | Gained mutation: You are partially covered in sharp spines.
                  | [demonic ancestry]
  4873 | D:5      | Reached XP level 8. HP: 21/63 MP: 8/8
  5237 | D:5      | Found a snail-covered altar of Cheibriados.
  5529 | D:5      | Found an ornate altar of the Wu Jian Council.
  5661 | D:6      | Noticed Eustachio
  5681 | D:6      | Killed Eustachio
  5682 | D:6      | Reached skill level 5 in Dodging
  5918 | D:6      | Reached skill level 5 in Armour
  6075 | D:6      | Found a runed translucent door.
  6076 | D:6      | Noticed Crazy Yiuf
  6625 | D:6      | Found a radiant altar of Vehumet.
  6796 | D:6      | Found a sparkling altar of Nemelex Xobeh.
  7005 | D:6      | Killed Crazy Yiuf
  7124 | D:7      | Found Plog's CLEARANCE SALE!.
  7129 | D:7      | Bought a scroll of teleportation for 6 gold pieces
  7179 | D:7      | Gained mutation: You have a pair of horns on your head.
                  | [demonic ancestry]
  7179 | D:7      | Reached XP level 9. HP: 51/71 MP: 9/9
  7432 | D:7      | Reached *** piety under Trog
  7455 | D:7      | Noticed a +0 hand axe
  7455 | D:7      | Noticed a +0 hand axe
  7590 | D:7      | Found a hide-covered altar of Uskayaw.
  7655 | D:7      | Found a staircase to the Ecumenical Temple.
  7664 | Temple   | Entered the Ecumenical Temple
  7878 | D:8      | Found a shadowy altar of Dithmenos.
  7977 | D:8      | Reached skill level 6 in Armour
  8015 | D:8      | Noticed a red ugly thing
  8015 | D:8      | Noticed a centaur warrior
  8281 | D:8      | Killed a red ugly thing
  8338 | D:8      | Found Nyucsed's Book Shop.
  8422 | D:8      | Noticed a cyclops
  8422 | D:8      | Noticed a troll
  8454 | D:7      | Killed a troll
  8499 | D:8      | Killed a cyclops
  8500 | D:8      | Reached XP level 10. HP: 50/80 MP: 10/10
  8542 | D:8      | Noticed a two-headed ogre
  8563 | D:8      | Killed a two-headed ogre
  8564 | D:8      | Reached skill level 7 in Armour
  8602 | D:8      | Killed a centaur warrior
  8649 | D:8      | Noticed a centaur warrior
  8657 | D:8      | Killed a centaur warrior
  8699 | D:8      | Noticed a deep elf pyromancer
  9704 | D:8      | Killed a deep elf pyromancer
  9705 | D:8      | Reached skill level 8 in Armour
  9736 | D:8      | Reached **** piety under Trog
  9838 | D:8      | Reached XP level 11. HP: 79/89 MP: 11/11
 10023 | D:9      | Noticed a two-headed ogre
 10031 | D:9      | Killed a two-headed ogre
 10076 | D:9      | Found a transporter.
 10082 | D:9      | Found a transporter.
 10145 | D:9      | Found a transporter.
 10145 | D:9      | Noticed a two-headed ogre
 10145 | D:9      | Noticed a centaur warrior
 10299 | D:9      | Found a transporter.
 10307 | D:9      | Found a transporter.
 10496 | D:9      | Found a staircase to the Lair.
 10718 | D:9      | Killed a two-headed ogre
 10926 | D:9      | Killed a centaur warrior
 10957 | D:9      | Found a transporter.
 11236 | D:10     | Entered Level 10 of the Dungeon
 11273 | D:10     | Found an opulent altar of Gozag.
 11307 | D:10     | Reached skill level 10 in Fighting
 11350 | D:10     | Noticed Nergalle
 11369 | D:10     | Killed Nergalle
 11430 | D:10     | Reached skill level 9 in Armour
 11763 | D:10     | Noticed a two-headed ogre
 11772 | D:10     | Killed a two-headed ogre
 11806 | D:10     | Found a sacrificial altar of Ru.
 11895 | D:10     | Found an ancient bone altar of Kikubaaqudgha.
 11935 | D:10     | Reached ***** piety under Trog
 11966 | D:10     | Gained mutation: When hurt, damage is shared between your
                  | health and your magic reserves. [demonic ancestry]
 11966 | D:10     | Reached XP level 12. HP: 96/98 MP: 12/12
 12278 | Lair:1   | Entered Level 1 of the Lair of Beasts
 13055 | Lair:1   | Reached skill level 10 in Maces & Flails
 13776 | Lair:2   | Reached skill level 10 in Dodging
 13808 | Lair:2   | Found a staircase to the Snake Pit.
 13886 | Lair:2   | Reached skill level 10 in Armour
 14301 | Lair:3   | Found a staircase to the Shoals.
 14373 | Lair:3   | Found a runed translucent door.
 14373 | Lair:3   | Noticed mortz's ghost (journeyman DgCj)
 14583 | Lair:3   | Identified the +8 scale mail of Fisiot {SInv}
 14954 | Lair:4   | Received a gift from Trog
 15281 | Lair:3   | Gained mutation: When seriously injured, your blood forms
                  | thick armour. (AC +9) [demonic ancestry]
 15281 | Lair:3   | Reached XP level 13. HP: 90/107 MP: 13/13
 16333 | Lair:5   | Reached skill level 11 in Armour
 16452 | Lair:5   | Found a transporter.
 16452 | Lair:5   | Noticed pkoi's ghost (journeyman DgCj)
 16978 | Lair:5   | Found a transporter.
 17351 | Lair:6   | Entered Level 6 of the Lair of Beasts
 17623 | Lair:5   | Reached skill level 12 in Armour
 17725 | Lair:6   | Received a gift from Trog
 17945 | Lair:6   | Gained mutation: You are mostly covered in sharp spines.
                  | [demonic ancestry]
 17945 | Lair:6   | Reached XP level 14. HP: 116/116 MP: 4/14
 17960 | Lair:6   | Identified 2 scrolls of acquirement
 18787 | Lair:6   | Paralysed by a floating eye for 2 turns
 19226 | Lair:6   | Reached skill level 13 in Armour
 19256 | Lair:6   | Reached ****** piety under Trog
 19606 | Lair:6   | Found a corrupted altar of Lugonu.
 19606 | Lair:6   | Found a one-way gate to the infinite horrors of the Abyss.
 20030 | Lair:6   | Found a staircase to the Slime Pits.
 20240 | Lair:3   | Killed mortz's ghost
 20685 | Snake:1  | Entered Level 1 of the Snake Pit
 20685 | Snake:1  | Noticed Aizul
 20738 | Lair:2   | Received a gift from Trog
 20800 | Lair:2   | Killed Aizul
 20866 | Lair:2   | HP: 3/118 [naga warrior/+2 vorpal flail (8)]
 20980 | Snake:1  | Noticed a nagaraja
 20980 | Snake:1  | Noticed Mlioglotl
 21119 | Lair:2   | Killed Mlioglotl
 21172 | Lair:2   | Reached skill level 1 in Shields
 21766 | Lair:2   | Killed a nagaraja
 22401 | D:11     | You fall into a shaft and drop 2 floors!
 22401 | D:13     | Noticed Jorgrun
 22419 | D:13     | Noticed Rupert
 22419 | D:13     | Paralysed by Rupert for 5 turns
 22424 | D:13     | Noticed Sonja
 22433 | D:12     | Killed Sonja
 22599 | D:11     | Reached skill level 14 in Armour
 22781 | D:11     | Identified the +1 ring mail "Iqepar" {Will+ rCorr Str+4
                  | Stlth+}
 23370 | D:12     | Noticed Nessos
 23765 | D:11     | Killed Nessos
 24119 | D:12     | Noticed Kirke
 24146 | D:12     | Noticed a sphinx
 24421 | D:12     | Killed Kirke
 24422 | D:12     | Reached XP level 15. HP: 125/125 MP: 15/15
 24523 | D:12     | Found a staircase to the Orcish Mines.
 24529 | D:12     | Received a gift from Trog
 25829 | D:13     | Killed Jorgrun
 25991 | D:13     | Noticed Azrael
 26012 | D:12     | Killed Azrael
 26530 | D:13     | Paralysed by Rupert for 5 turns
 26536 | D:13     | Killed Rupert
 27386 | D:13     | HP: 5/126 [spark wasp (shapeshifter) (12)]
 27850 | D:13     | Found a gate to the Vaults.
 29608 | D:14     | Reached skill level 15 in Armour
 29878 | D:14     | Paralysed by a great orb of eyes for 4 turns
 30787 | D:15     | Entered Level 15 of the Dungeon
 30960 | D:15     | Found a shimmering blue altar of Sif Muna.
 30969 | D:15     | Reached skill level 5 in Shields
 31015 | D:15     | Found a staircase to the Depths.
 31016 | D:15     | Noticed a fire giant
 31029 | D:15     | Killed a fire giant
 31514 | D:14     | Received a gift from Trog
 32825 | Orc:1    | Entered Level 1 of the Orcish Mines
 32845 | Orc:1    | Noticed Urug
 32951 | Orc:1    | Noticed an orc warlord
 33565 | D:12     | Killed an orc warlord
 33576 | D:12     | Gained mutation: When low on magic, you restore magic in
                  | place of health. [demonic ancestry]
 33576 | D:12     | Reached XP level 16. HP: 61/134 MP: 10/16
 33960 | D:12     | Killed Urug
 34252 | Orc:2    | Entered Level 2 of the Orcish Mines
 35254 | Orc:2    | Received a gift from Trog
 35526 | Orc:2    | Found a staircase to the Elven Halls.
 36795 | Orc:2    | Found Sotayblap's Book Shop.
 36795 | Orc:2    | Found Humyidd's Antique Weapon Shoppe.
 36876 | Orc:2    | Found Pib Taocvo's Armour Shop.
 36876 | Orc:2    | Found Junaurchi's Weapon Shoppe.
 37315 | Snake:1  | Reached skill level 16 in Armour
 37512 | Snake:1  | Reached skill level 15 in Fighting
 37805 | Snake:1  | Identified the +9 broad axe "Jueg" {flame, Stlth+} (Trog
                  | gifted it to you on level 1 of the Snake Pit)
 37805 | Snake:1  | Received a gift from Trog
 37810 | Snake:1  | Noticed Donald
 37824 | Snake:1  | Mangled by Donald

Illustrated notes

Levels and vault maps discovered:
D:1:      ncdulo_lavacross, layout_rooms,
          hellmonk_ecumenical_altar_inner_sanctum, minmay_stone_trees_small,
          chequers_serial_rivers_large_a, hangedman_decor_lopped
D:2:      layout_loops_ring, serial_shops, nicolae_square_shop,
          minmay_misc_feat_roman, minmay_pentomino_x2, uniq_sigmund
D:3:      layout_loops_cross, nicolae_qazlal_scattered_showers, serial_shops,
          shop, kennysheep_cross_bottleneck, kennysheep_crisscross
D:4:      cheibrodos_pilgrimage, layout_gridville, uniq_blork_the_orc
D:5:      layout_rooms, mainiacjoe_overflow_paths,
          mainiacjoe_overflow_concentric_impassable,
          mainiacjoe_overflow_alcove_4, mainiacjoe_overflow_small_starburst,
          serial_glass, glass_columns_a, glass_columns_c,
          hangedman_abyss_or_decor_stabs
D:6:      layout_loops_corners, grunt_temple_overflow_open, uniq_eustachio,
          uniq_crazy_yiuf_cottage
D:7:      layout_cave_pools, mainiacjoe_overflow_boulevard,
          dancing_weapons_uskayaw, lemuel_temple_firewalk_b, nrook_mini_vaults,
          minmay_misc_feat_four_crosses, nicolae_shop_clearance
D:8:      argonaut_augean_stables, layout_loops_corners, general_overflow_altar,
          serial_shops, shop, minmay_shattered_shrine
D:9:      layout_roguey, erik_lair_orcish_takeover, serial_nicolae_subway,
          nicolae_sub_station_crystal, nicolae_sub_station_metal,
          nicolae_sub_station_stone
D:10:     layout_rooms, overflow_temple_1_default,
          lemuel_mausoleum_altar_kikubaaqudgha, nicolae_ru_path_of_blood,
          uniq_nergalle
D:11:     layout_irregular_city, serial_column_ruins, column_ruins_open_small,
          column_ruins_corridor_straight, column_ruins_grid_1,
          column_ruins_corridor_straight, column_ruins_grid_1
D:12:     layout_roguey, erik_orc_4, kennysheep_donut, uniq_kirke, uniq_nessos
D:13:     layout_loops_ring, david_vaults_4, uniq_jorgrun, uniq_rupert,
          uniq_azrael, uniq_sonja
D:14:     minmay_bubble_buster, layout_grid_maze, minmay_misc_feat_square,
          bh_hangedman_babel_library
D:15:     grunt_enter_depths_giant_problem, layout_gridville,
          nicolae_sif_muna_condensation, chequers_serial_rivers_small_3
Temple:   corrupted_temple
Lair:1:   layout_cave_pods, minmay_holes, grunt_megastairs_5
Lair:2:   layout_hall_layers, guppyfry_snake_entry_garden
Lair:3:   layout_gridlike, elwin_shoals_entry_rooms,
          hellmonk_ghost_happy_afterlife
Lair:4:   layout_concentric_octagons, grunt_forest_large_clearings
Lair:5:   layout_loops_ring, gammafunk_ghost_arena
Lair:6:   hellmonk_lair_end_abyssal_woods, layout_gridlike,
          minmay_slime_entry_oklob_enclosed, chequers_serial_rivers_room_a,
          gammafunk_lair_bear_cave
Snake:1:  nicolae_snakescales, layout_cave_shapes, nicolae_snake_snakewalk,
          serial_bayou_shore_b, serial_bayou_shore_b, uniq_mlioglotl,
          uniq_aizul, uniq_donald
Orc:1:    layout_caves, uniq_urug
Orc:2:    st_orc_town, layout_diamond_mine, basic_altar,
          nicolae_orc_stony_grotto

Skill      XL: |  1  2  3  4  5  6  7  8  9 10 11 12 13 14 15 16 |
---------------+-------------------------------------------------+-----
Armour         | 2 3 4 5 6 8 9 10 12 14 15 16 | 16.1
Dodging        | 2 3 4 5 6 8 9 10 11 12 13 | 13.7
Maces & Flails | 3 4 5 6 7 8 9 10 11 12 13 | 13.9
Fighting       | 4 5 6 7 9 10 11 12 13 14 15 | 15.0
Shields        | 2 5 6 |  6.3

Action                   |  1- 3 |  4- 6 |  7- 9 | 10-12 | 13-15 | 16-18 || total
-------------------------+-------+-------+-------+-------+-------+-------++-------
Melee: Mace              |    99 |    42 |       |       |       |       ||   141
       Headbutt          |    10 |    17 |    58 |   180 |   331 |    55 ||   651
       Punch             |     1 |       |     2 |    15 |    10 |       ||    28
       Flail             |       |    46 |   306 |   722 |   416 |       ||  1490
       Unarmed           |       |       |       |     1 |    23 |       ||    24
       Dire flail        |       |       |       |       |   299 |       ||   299
       Great mace        |       |       |       |       |   520 |   272 ||   792
 Fire: Hunting sling     |       |       |       |       |     6 |       ||     6
Throw: Stone             |       |     5 |       |       |       |       ||     5
       Boomerang         |       |       |       |     5 |     1 |       ||     6
       Dart              |       |       |       |       |     3 |       ||     3
Invok: Berserk           |       |     1 |     4 |     3 |     9 |     2 ||    19
Evoke: Wand              |       |       |       |     6 |     7 |       ||    13
  Use: Scroll            |       |       |     1 |       |    27 |       ||    28
       Potion            |       |       |       |       |     2 |       ||     2
 Stab: Distracted        |       |       |       |       |     1 |       ||     1
Armor: Animal skin       |     3 |       |       |       |       |       ||     3
       Ring mail         |    21 |     3 |       |       |       |       ||    24
       Chain mail        |       |    37 |   136 |       |       |       ||   173
       Plate armour      |       |       |     9 |   385 |   632 |   115 ||  1141
       Skin              |       |       |       |       |     2 |       ||     2
Dodge: Dodged            |    79 |    37 |   146 |   331 |   607 |   129 ||  1329
Block: Other             |       |       |       |       |   127 |    48 ||   175
       Reflection        |       |       |       |       |    19 |     1 ||    20
